TOP OF THE 1ST |
New York Yankees batting - Pitching for Chicago White Sox : LHP Stacy Hootentootin
|
Pitching: LHP Stacy Hootentootin
|
|
Batting: RHB Russ Shambaugh
|
0-0: Called Strike 0-1: Foul Ball, location: 2F 0-2: Strikes out swinging
|
Batting: LHB Jordan de Jesus
|
0-0: Ball 1-0: Foul Ball, location: 2F 1-1: Ball 2-1: Swinging Strike 2-2: Strikes out looking
|
Batting: RHB Adriaan Pieters
|
0-0: Called Strike 0-1: Ball 1-1: Ball 2-1: Fly out, F4 (Flyball, 4D, EV 88.1 MPH)
|
Top of the 1st over - 0 runs, 0 hits, 0 errors, 0 left on base; New York 0 - Chicago 0 |
BOTTOM OF THE 1ST |
Chicago White Sox batting - Pitching for New York Yankees : LHP Joel Pacheco
|
Pitching: LHP Joel Pacheco
|
|
Batting: SHB Alfie Bungledorf
|
0-0: Ball 1-0: Fly out, F7 (Flyball, 7D, EV 97.5 MPH)
|
Batting: SHB Bartholomeu Chambino
|
0-0: Ball 1-0: Ball 2-0: Ball 3-0: Called Strike 3-1: Base on Balls
|
Batting: RHB Joseph Disepolo
|
0-0: Ball 1-0: Ball 2-0: Ball 3-0: Base on Balls Bartholomeu Chambino to second
|
Batting: LHB Randy Rosenberry
|
0-0: Ball 1-0: Foul Ball, location: 2F 1-1: Called Strike Bartholomeu Chambino steals 3rd base (no throw) Joseph Disepolo to second 1-2: Foul Ball, location: 2F 1-2: TRIPLE (Flyball, 78XD, EV 108.1 MPH) Bartholomeu Chambino scores Joseph Disepolo scores
|
Batting: RHB Dietmar Warmisch
|
0-0: Called Strike 0-1: Foul Ball, location: 2F 0-2: Ball 1-2: Ball 2-2: Strikes out swinging
|
Batting: SHB Gus Berry
|
0-0: Fly out, F4 (Popup, 34S, EV 88.8 MPH)
|
Bottom of the 1st over - 2 runs, 1 hit, 0 errors, 1 left on base; New York 0 - Chicago 2 |
TOP OF THE 2ND |
New York Yankees batting - Pitching for Chicago White Sox : LHP Stacy Hootentootin
|
Batting: RHB Shiro Suehiro
|
0-0: Ball 1-0: Fly out, F8 (Line Drive, 8RD, EV 95.0 MPH)
|
Batting: LHB Jim Skare
|
0-0: Ball 1-0: Foul Ball, location: 2F 1-1: Foul Ball, location: 2F 1-2: Foul Ball, location: 2F 1-2: Strikes out swinging
|
Batting: RHB Geni Prawiranega
|
0-0: Ground out 5-3 (Groundball, 56, EV 83.1 MPH)
|
Top of the 2nd over - 0 runs, 0 hits, 0 errors, 0 left on base; New York 0 - Chicago 2 |
BOTTOM OF THE 2ND |
Chicago White Sox batting - Pitching for New York Yankees : LHP Joel Pacheco
|
Batting: RHB Leo Navarro
|
0-0: Ball 1-0: Called Strike 1-1: Foul Ball, location: 2F 1-2: Ball 2-2: Foul Ball, location: 2F 2-2: Foul Ball, location: 2F 2-2: Fly out, F5 (Popup, 5SF, EV 61.2 MPH)
|
Batting: RHB Brad Boals
|
0-0: Ball 1-0: Swinging Strike 1-1: Foul Ball, location: 2F 1-2: Ball 2-2: Ball 3-2: Ground out 5-3 (Groundball, 5S, EV 84.4 MPH)
|
Batting: RHB Jon Solano
|
0-0: Called Strike 0-1: Called Strike 0-2: Ball 1-2: Ball 2-2: Fly out, F8 (Flyball, 8RXD, EV 88.8 MPH)
|
Bottom of the 2nd over - 0 runs, 0 hits, 0 errors, 0 left on base; New York 0 - Chicago 2 |
TOP OF THE 3RD |
New York Yankees batting - Pitching for Chicago White Sox : LHP Stacy Hootentootin
|
Batting: RHB Larry Martell
|
0-0: Called Strike 0-1: Foul Ball, location: 2F 0-2: Ball 1-2: Ball 2-2: Strikes out looking
|
Batting: LHB Joel Vera
|
0-0: Ball 1-0: Called Strike 1-1: Foul Ball, location: 2F 1-2: Ground out 6-3 (Groundball, 6, EV 95.0 MPH)
|
Batting: RHB Henri Cederberg
|
0-0: Swinging Strike 0-1: Swinging Strike 0-2: Ball 1-2: Foul Ball, location: 2F 1-2: Strikes out looking
|
Top of the 3rd over - 0 runs, 0 hits, 0 errors, 0 left on base; New York 0 - Chicago 2 |
BOTTOM OF THE 3RD |
Chicago White Sox batting - Pitching for New York Yankees : LHP Joel Pacheco
|
Batting: SHB Alfie Bungledorf
|
0-0: Called Strike 0-1: Ball 1-1: Called Strike 1-2: Foul Ball, location: 2F 1-2: Strikes out looking
|
Batting: SHB Bartholomeu Chambino
|
0-0: Called Strike 0-1: Foul Ball, location: 2F 0-2: Strikes out looking
|
Batting: RHB Joseph Disepolo
|
0-0: Ball 1-0: Ball 2-0: Ground out U3 (Groundball, 3, EV 91.9 MPH)
|
Bottom of the 3rd over - 0 runs, 0 hits, 0 errors, 0 left on base; New York 0 - Chicago 2 |
TOP OF THE 4TH |
New York Yankees batting - Pitching for Chicago White Sox : LHP Stacy Hootentootin
|
Batting: RHB Russ Shambaugh
|
0-0: Foul Ball, location: 2F 0-1: Ball 1-1: Ball 2-1: Swinging Strike 2-2: Ball 3-2: Strikes out looking
|
Batting: LHB Jordan de Jesus
|
0-0: Ball 1-0: Foul Ball, location: 2F 1-1: Foul Ball, location: 2F 1-2: Fly out, F8 (Flyball, 89D, EV 106.2 MPH)
|
Batting: RHB Adriaan Pieters
|
0-0: Foul Ball, location: 2F 0-1: Called Strike 0-2: Fly out, F9 (Flyball, 9, EV 92.5 MPH)
|
Top of the 4th over - 0 runs, 0 hits, 0 errors, 0 left on base; New York 0 - Chicago 2 |
BOTTOM OF THE 4TH |
Chicago White Sox batting - Pitching for New York Yankees : LHP Joel Pacheco
|
Batting: LHB Randy Rosenberry
|
0-0: Called Strike 0-1: Swinging Strike 0-2: Ball 1-2: Foul Ball, location: 2F 1-2: Fly out, F6 (Popup, 15, EV 83.1 MPH)
|
Batting: RHB Dietmar Warmisch
|
0-0: Ball 1-0: Called Strike 1-1: Ball 2-1: Called Strike 2-2: Strikes out looking
|
Batting: SHB Gus Berry
|
0-0: Foul Ball, location: 2F 0-1: Ball 1-1: Ball 2-1: Foul Ball, location: 2F 2-2: Foul Ball, location: 2F 2-2: Ball 3-2: Fly out, F8 (Flyball, 8LD, EV 105.0 MPH)
|
Bottom of the 4th over - 0 runs, 0 hits, 0 errors, 0 left on base; New York 0 - Chicago 2 |
TOP OF THE 5TH |
New York Yankees batting - Pitching for Chicago White Sox : LHP Stacy Hootentootin
|
Batting: RHB Shiro Suehiro
|
0-0: Ball 1-0: Foul Ball, location: 2F 1-1: Foul Ball, location: 2F 1-2: Strikes out swinging
|
Batting: LHB Jim Skare
|
0-0: Ball 1-0: Ground out 4-3 (Groundball, 4, EV 92.5 MPH)
|
Batting: RHB Geni Prawiranega
|
0-0: Ball 1-0: Called Strike 1-1: Swinging Strike 1-2: Foul Ball, location: 2F 1-2: Ball 2-2: SINGLE (Line Drive, 7S, EV 105.6 MPH)
|
Batting: RHB Larry Martell
|
0-0: Called Strike 0-1: Ball 1-1: Called Strike 1-2: Strikes out swinging
|
Top of the 5th over - 0 runs, 1 hit, 0 errors, 1 left on base; New York 0 - Chicago 2 |
BOTTOM OF THE 5TH |
Chicago White Sox batting - Pitching for New York Yankees : LHP Joel Pacheco
|
Batting: RHB Leo Navarro
|
0-0: Called Strike 0-1: Ball 1-1: Ball 2-1: Ground out 5-3 (Groundball, 56S, EV 80.6 MPH)
|
Batting: RHB Brad Boals
|
0-0: Hit by Pitch
|
Batting: RHB Jon Solano
|
0-0: Ball 1-0: SINGLE (Line Drive, 9LM, EV 103.1 MPH) Brad Boals to second
|
Batting: SHB Alfie Bungledorf
|
0-0: Ball 1-0: Ball 2-0: Fielders Choice at 2nd, 3-6 (Groundball, 34, EV 93.8 MPH) Brad Boals to third
|
Batting: SHB Bartholomeu Chambino
|
0-0: Ball 1-0: TRIPLE (Flyball, 89XD, EV 93.8 MPH) Brad Boals scores Alfie Bungledorf scores
|
Batting: RHB Joseph Disepolo
|
0-0: Ball Wild Pitch! Bartholomeu Chambino scores 1-0: Swinging Strike 1-1: Foul Ball, location: 2F 1-2: Ball 2-2: Strikes out swinging
|
Bottom of the 5th over - 3 runs, 2 hits, 0 errors, 0 left on base; New York 0 - Chicago 5 |
TOP OF THE 6TH |
New York Yankees batting - Pitching for Chicago White Sox : LHP Stacy Hootentootin
|
Batting: LHB Joel Vera
|
0-0: Ball 1-0: Ball 2-0: Ball 3-0: Ground out 4-3 (Groundball, 4, EV 99.4 MPH)
|
Pitching: RHP Mike Willig
|
|
Batting: RHB Henri Cederberg
|
0-0: Ball 1-0: Called Strike 1-1: Ground out 6-3 (Groundball, 6, EV 107.5 MPH)
|
Batting: RHB Russ Shambaugh
|
0-0: Ball 1-0: Ground out 4-3 (Groundball, 4MS, EV 87.5 MPH)
|
Top of the 6th over - 0 runs, 0 hits, 0 errors, 0 left on base; New York 0 - Chicago 5 |
BOTTOM OF THE 6TH |
Chicago White Sox batting - Pitching for New York Yankees : LHP Joel Pacheco
|
Pitching: RHP Eric Aguilar
|
|
Batting: LHB Randy Rosenberry
|
0-0: Called Strike 0-1: Foul Ball, location: 2F 0-2: Ball 1-2: Strikes out looking
|
Batting: RHB Dietmar Warmisch
|
0-0: Foul Ball, location: 2F 0-1: Ball 1-1: Ball 2-1: Ball 3-1: Foul Ball, location: 2F 3-2: Base on Balls
|
Batting: SHB Gus Berry
|
0-0: Ball 1-0: Called Strike 1-1: Ball 2-1: Ball 3-1: Called Strike 3-2: SINGLE (Groundball, 6D, EV 105.0 MPH) Dietmar Warmisch to second
|
Batting: RHB Leo Navarro
|
0-0: Called Strike 0-1: Ball 1-1: Called Strike 1-2: Ball 2-2: Foul Ball, location: 2F 2-2: Foul Ball, location: 2F 2-2: Strikes out looking
|
Batting: RHB Brad Boals
|
0-0: Called Strike 0-1: Ball 1-1: Ball 2-1: SINGLE (Line Drive, 3D, EV 105.0 MPH) Dietmar Warmisch to third Gus Berry to second Runner from 3rd tries for Home, SAFE, throw by RF to home
|
Batting: RHB Jon Solano
|
0-0: Foul Ball, location: 2F 0-1: Fly out, F5 (Popup, 56S, EV 75.6 MPH)
|
Bottom of the 6th over - 1 run, 2 hits, 0 errors, 2 left on base; New York 0 - Chicago 6 |
TOP OF THE 7TH |
New York Yankees batting - Pitching for Chicago White Sox : RHP Mike Willig
|
Batting: LHB Jordan de Jesus
|
0-0: Called Strike 0-1: Ball 1-1: Ball 2-1: Ground out 5-3 (Groundball, 5, EV 108.1 MPH)
|
Batting: RHB Adriaan Pieters
|
0-0: Called Strike 0-1: Foul Ball, location: 2F 0-2: Ground out 5-3 (Groundball, 5S, EV 86.9 MPH)
|
Batting: RHB Shiro Suehiro
|
0-0: Called Strike 0-1: Called Strike 0-2: Foul Ball, location: 2F 0-2: Fly out, F7 (Flyball, 7S, EV 78.1 MPH)
|
Top of the 7th over - 0 runs, 0 hits, 0 errors, 0 left on base; New York 0 - Chicago 6 |
BOTTOM OF THE 7TH |
Chicago White Sox batting - Pitching for New York Yankees : RHP Eric Aguilar
|
Batting: SHB Alfie Bungledorf
|
0-0: Swinging Strike 0-1: Swinging Strike 0-2: Strikes out swinging
|
Batting: SHB Bartholomeu Chambino
|
0-0: Foul Ball, location: 2F 0-1: Ball 1-1: Ball 2-1: Ball 3-1: Called Strike 3-2: DOUBLE (Groundball, 3L, EV 98.8 MPH)
|
Pitching: LHP Robert Cruz
|
|
Batting: RHB Joseph Disepolo
|
0-0: Ball 1-0: Ground out 5-3 (Groundball, 5S, EV 77.5 MPH)
|
Batting: LHB Randy Rosenberry
|
0-0: Called Strike 0-1: Ball 1-1: Swinging Strike 1-2: Ball 2-2: SINGLE (Groundball, 15S, EV 71.9 MPH) (infield hit) Bartholomeu Chambino to third
|
Batting: RHB Dietmar Warmisch
|
0-0: Called Strike 0-1: Called Strike Randy Rosenberry steals 2nd base (no throw) 0-2: Strikes out swinging
|
Bottom of the 7th over - 0 runs, 2 hits, 0 errors, 2 left on base; New York 0 - Chicago 6 |
TOP OF THE 8TH |
New York Yankees batting - Pitching for Chicago White Sox : RHP Mike Willig
|
Batting: LHB Jim Skare
|
0-0: Ball 1-0: Swinging Strike 1-1: Foul Ball, location: 2F 1-2: Foul Ball, location: 2F 1-2: Ball 2-2: Foul Ball, location: 2F 2-2: Foul Ball, location: 2F 2-2: Strikes out swinging
|
Batting: RHB Geni Prawiranega
|
0-0: Called Strike 0-1: SINGLE (Line Drive, 3D, EV 104.4 MPH)
|
Pitching: LHP Josh Vaca
|
|
Batting: RHB Larry Martell
|
0-0: Called Strike 0-1: Ball 1-1: Foul Ball, location: 2F 1-2: Strikes out looking
|
Pinch Hitting: SHB Victor Ruiz
|
0-0: Foul Ball, location: 2F 0-1: Ball 1-1: Foul Ball, location: 2F 1-2: Ball 2-2: Strikes out swinging
|
Top of the 8th over - 0 runs, 1 hit, 0 errors, 1 left on base; New York 0 - Chicago 6 |
BOTTOM OF THE 8TH |
Chicago White Sox batting - Pitching for New York Yankees : LHP Robert Cruz
|
Now at 2B: James Boynton
|
|
Batting: SHB Gus Berry
|
0-0: Ball 1-0: SOLO HOME RUN (Flyball, 9D, EV 97.5 MPH), Distance : 401 ft
|
Batting: RHB Leo Navarro
|
0-0: Foul Ball, location: 2F 0-1: Called Strike 0-2: Ball 1-2: Strikes out swinging
|
Pinch Hitting: LHB Angel Tellez
|
0-0: Ball 1-0: Called Strike 1-1: SINGLE (Flyball, 6D, EV 96.2 MPH)
|
Batting: RHB Jon Solano
|
0-0: Called Strike 0-1: Called Strike 0-2: Strikes out swinging
|
Pinch Hitting: LHB Sidney Pedder
|
0-0: Ball 1-0: Ground out 4-3 (Groundball, 34, EV 104.4 MPH)
|
Bottom of the 8th over - 1 run, 2 hits, 0 errors, 1 left on base; New York 0 - Chicago 7 |
TOP OF THE 9TH |
New York Yankees batting - Pitching for Chicago White Sox : LHP Josh Vaca
|
Now at SS: Sidney Pedder
|
|
Now in LF: Gus Berry
|
|
Now in RF: Kikuo Sato
|
|
Pinch Hitting: RHB Mike Gifford
|
0-0: Ball 1-0: Ball 2-0: Ball 3-0: Called Strike 3-1: Foul Ball, location: 2F 3-2: Strikes out swinging
|
Batting: RHB Russ Shambaugh
|
0-0: Ball 1-0: Ball 2-0: Called Strike 2-1: Swinging Strike 2-2: Foul Ball, location: 2F 2-2: Ball 3-2: Strikes out swinging
|
Batting: LHB Jordan de Jesus
|
0-0: Swinging Strike 0-1: Ball 1-1: Foul Ball, location: 2F 1-2: Ground out U3 (Groundball, 34, EV 103.8 MPH)
|
Top of the 9th over - 0 runs, 0 hits, 0 errors, 0 left on base; New York 0 - Chicago 7 |
|